 Dungeon Crawl Stone Soup version 0.29-a0-819-g94b489e0ae (webtiles) character file.

Game seed: 9377548010447383676

236 Zonian the Chiller (level 5, -4/35 HPs)
             Began as a Demonspawn Ice Elementalist on July 7, 2022.
             Slain by an orc
             ... wielding a +0 flail
              (6 damage)
             ... on level 3 of the Dungeon.
             The game lasted 00:05:25 (3389 turns).

Zonian the Chiller (Demonspawn Ice Elementalist)    Turns: 3389, Time: 00:05:26

Health: -4/35      AC:  3    Str:  8    XL:     5   Next: 77%
Magic:  8/8        EV: 12    Int: 18    God:
Gold:   69         SH:  0    Dex: 16    Spells: 1/8 levels left

rFire   . . .      SeeInvis .   i - +0 dagger
rCold   . . .      Faith    .   (no shield)
rNeg    . . .      Spirit   .   a - +1 robe
rPois   .          Reflect  .   (helmet restricted)
rElec   .          Harm     .   (no cloak)
rCorr   .          Rampage  .   (no gloves)
Will    .....                   (no boots)
Stlth   +++.......              (no amulet)
HPRegen 1.11/turn               (no ring)
MPRegen 0.11/turn               (no ring)

@: no status effects
A: horns 2, thin skeletal structure 1, powered by death 1
a: no special abilities


You were on level 3 of the Dungeon.
You visited 1 branch of the dungeon, and saw 3 of its levels.

You collected 69 gold pieces.

Inventory:

Hand Weapons
 i - a +0 dagger (weapon)
 j - a +0 whip
 m - a +0 sling
Missiles
 e - 8 boomerangs
Armour
 a - a +1 robe (worn)
Jewellery
 q - a +4 ring of protection
Scrolls
 d - a scroll of enchant armour
 g - a scroll of immolation {unknown}
 h - 3 scrolls of blinking {unknown}
 k - 2 scrolls of fog {unknown}
 l - a scroll of fear {unknown}
 n - 2 scrolls of teleportation {unknown}
 o - 2 scrolls of identify {unknown}
Potions
 c - a potion of flight {unknown}
 f - a potion of berserk rage {unknown}
 p - a potion of invisibility


   Skills:
 - Level 1.8 Dodging
 - Level 1.8 Stealth
 - Level 2.0 Spellcasting
 + Level 6.4 Ice Magic


You had one spell level left.
You knew the following spells:

 Your Spells              Type           Power      Damage    Failure   Level
a - Freeze                Ice            100%       1d11      1%          1
b - Frozen Ramparts       Ice            50%        1d7       3%          3
c - Ozocubu's Armour      Ice            25%        N/A       3%          3

Your spell library contained the following spells:

 Spells                   Type           Power      Damage    Failure   Level
 Blink                    Tloc           2%         N/A       26%         2
 Hailstorm                Conj/Ice       13%        3d5       43%         4
 Lesser Beckoning         Tloc           1%         N/A       47%         3
 Manifold Assault         Tloc           1%         N/A       99%         5


Dungeon Overview and Level Annotations

Branches:
Dungeon (3/15)

Altars:

Shops:
D:3 :[


Innate Abilities, Weirdness & Mutations

You have a pair of horns on your head.
You have a somewhat thin skeletal structure. (Dex +2, Stealth+)
You regenerate a little health from kills.


Message History

The orc drinks a potion.
The orc flickers and vanishes!
Deactivating autopickup; reactivate with Ctrl-A.
The orc shouts!
The orc throws a stone.
The stone hits you.
The orc throws a stone.
The stone barely misses you. Something barely misses you. Something hits you.
The orc throws a stone.
The stone completely misses you. Something hits you! Something hits you.
Something hits you but does no damage.
You are too injured to fight recklessly!
You are too injured to fight recklessly!
Unknown command.
You can access your shopping list by pressing '$'.
Unknown command.
Unknown command.
Casting: Freeze (safe; 1% risk of failure)
Confirm with . or Enter, or press ? or * to list all spells.
Aiming: Freeze (safe; 1% risk of failure)
Press: ? - help, Shift-Dir - straight line, f - orc
Aim: an orc, wielding a +0 club and quivering stones You freeze the orc.
The orc is almost dead.
Something hits you! The orc hits you with a +0 club.
* * * LOW HITPOINT WARNING * * *
Casting: Freeze (safe; 1% risk of failure)
Confirm with . or Enter, or press ? or * to list all spells.
Aiming: Freeze (safe; 1% risk of failure)
Press: ? - help, Shift-Dir - straight line, f/p - orc
Aim: an orc, wielding a +0 club and quivering stones (almost dead)
You freeze the orc.
You kill the orc!
Something hits you but does no damage.
The orc hits you from afar with a +0 trident!
* * * LOW HITPOINT WARNING * * *
Magic courses through your body.
The orc hits you from afar with a +0 trident.
* * * LOW HITPOINT WARNING * * *
Something hits you.
You die...

#......##.......
#..S...##.......
#∩.....##.......
#......##....... #
#.......#.......
#.########..#.##.o....
#....<.).##.........o(
#.....##..÷...........
####.@)o..#..##.......
####.......#......[
#.####.......... ...#
#........... #.###
#........... #.
#.........## ^
#.........# .#
#.......... ..
#####..(..#


You could see an orc.

Vanquished Creatures
  Sigmund (D:2)
  3 adders
  5 orcs (D:3)
  8 bats
  4 endoplasms
  A giant cockroach (D:1)
  6 goblins
  6 hobgoblins
  2 quokkas
  4 ball pythons
  2 frilled lizards (D:1)
  4 kobolds
  4 rats
50 creatures vanquished.

Notes
Turn   | Place    | Note
-------+----------+-------------------------------------------
     0 | D:1      | Zonian the Demonspawn Ice Elementalist began the quest for
                  | the Orb.
     0 | D:1      | Reached XP level 1. HP: 13/13 MP: 3/3
   590 | D:1      | Reached skill level 4 in Ice Magic
   590 | D:1      | Gained mutation: You have a pair of small horns on your
                  | head. [demonic ancestry]
   590 | D:1      | Reached XP level 2. HP: 17/19 MP: 1/5
  1443 | D:2      | Gained mutation: You have a pair of horns on your head.
                  | [demonic ancestry]
  1443 | D:2      | Reached XP level 3. HP: 20/24 MP: 1/6
  2101 | D:2      | Noticed Sigmund
  2107 | D:2      | Killed Sigmund
  2108 | D:2      | Reached skill level 6 in Ice Magic
  2108 | D:2      | Gained mutation: You regenerate a little health from kills.
                  | [demonic ancestry]
  2108 | D:2      | Reached XP level 4. HP: 18/30 MP: 2/7
  2108 | D:2      | Gained mutation: You have a somewhat thin skeletal
                  | structure. (Dex +2, Stealth+) [demonic ancestry]
  2108 | D:2      | Reached XP level 5. HP: 21/35 MP: 2/8
  2357 | D:2      | Learned a level 3 spell: Frozen Ramparts
  2361 | D:2      | Learned a level 3 spell: Ozocubu's Armour
  2432 | D:2      | Found a faded altar of an unknown god.
  2965 | D:3      | Found Fuivugy's Book Boutique.
  3006 | D:3      | Found Rihett's Antique Armour Boutique.
  3389 | D:3      | Slain by an orc

Illustrated notes

Levels and vault maps discovered:
D:1:      dpeg_arrival_connections, layout_loops_ring
D:2:      layout_basic, chequers_ecumenical_altar_simple, st_stairs_2,
          uniq_sigmund
D:3:      layout_rooms, mainiacjoe_overflow_concentric_impassable, serial_shops,
          shop, shop, shop_fountains, serial_park_tiny_1,
          minmay_misc_feat_rugged

Skill      XL: |  1  2  3 |
---------------+----------+-----
Ice Magic      | 4 6 |  6.4
Dodging        | |  1.8
Stealth        | |  1.8
Spellcasting   | |  2.0

Action                   |  1- 3 |  4- 6 || total
-------------------------+-------+-------++-------
Melee: Unarmed           |    12 |       ||    12
       Punch             |     1 |       ||     1
       Dagger            |    11 |     7 ||    18
       Headbutt          |     1 |       ||     1
Throw: Boomerang         |     3 |       ||     3
 Cast: Freeze            |    41 |    21 ||    62
  Use: Scroll            |     1 |       ||     1
       Potion            |       |     1 ||     1
 Stab: Sleeping          |     2 |     2 ||     4
Armor: Robe              |    14 |     7 ||    21
Dodge: Dodged            |    30 |    16 ||    46

Table legend: (Time is in decaauts)
 A = Elapsed time spent in this place.
 B = Non-inter-level travel time spent in this place.
 C = Inter-level travel time spent in this place.
 D = Time resting spent in this place.
 E = Time spent auto-exploring this place.
 F = Levels seen in this place.
 G = Mean time per level.
                   A        B        C        D        E       F      G
               +--------+--------+--------+--------+--------+-----+--------+
         Total |   3389 |   3235 |    154 |   1205 |   1531 |   3 | 1129.7 |
       Dungeon |   3389 |   3235 |    154 |   1205 |   1531 |   3 | 1129.7 |
               +--------+--------+--------+--------+--------+-----+--------+

Top non-repeatable levels by time:
     D:2: 1574 daAuts
     D:1: 1391 daAuts
     D:3: 423 daAuts
